 Dungeon Crawl Stone Soup version 0.29-a0-541-gaf1fc19f1b (webtiles) character file.

Game seed: 5735356507909431782

365 Flugkiller the Skirmisher (level 7, -4/94 HPs)
             Began as a Meteoran Chaos Knight on June 2, 2022.
             Was a Plaything of Xom.
             Killed from afar by Dowan (13 damage)
             ... with a puff of frost
             ... on level 4 of the Dungeon.
             The game lasted 00:04:15 (928 turns).

Flugkiller the Skirmisher (Meteoran Chaos Knight)    Turns: 928, Time: 00:04:15

Health: -4/94      AC:  6    Str: 14    XL:     7   Next: 20%
Magic:  8/8        EV: 14    Int: 13    God:    Xom [.*....]
Gold:   109        SH:  0    Dex: 16    Spells: 6/6 levels left

rFire   + . .      SeeInvis .   w - +1 dagger (venom)
rCold   . . .      Faith    .   (no shield)
rNeg    . . .      Spirit   .   b - +2 leather armour
rPois   .          Reflect  .   (no helmet)
rElec   .          Harm     .   (no cloak)
rCorr   .          Rampage  .   n - +0 pair of gloves
Will    .....                   (no boots)
Stlth   ..........              (no amulet)
HPRegen 0.25/turn               p - ring of protection from fire
MPRegen 0.11/turn               (no ring)

@: berserking, glowing, very quick
A: sense surroundings 1, otherworldly, glowing, explore regen
a: Renounce Religion


You were on level 4 of the Dungeon.
You worshipped Xom.
You were a plaything of Xom.
You visited 1 branch of the dungeon, and saw 5 of its levels.

You collected 109 gold pieces.

Inventory:

Hand Weapons
 a - a +0 hand axe of chaos
 r - a +0 quarterstaff
   (You found it on level 5 of the Dungeon)
 u - a +2 hunting sling of flaming
   (You took it off a goblin on level 4 of the Dungeon)
 w - a +1 dagger of venom (weapon)
   (You found it on level 4 of the Dungeon)
Armour
 b - a +2 leather armour (worn)
 n - a +0 pair of gloves (worn)
   (You found it on level 4 of the Dungeon)
 o - a +0 plate armour
   (You found it on level 4 of the Dungeon)
Magical Staves
 l - a staff of cold
   (You found it on level 3 of the Dungeon)
Jewellery
 p - a ring of protection from fire (left hand)
   (You found it on level 1 of the Dungeon)
Scrolls
 d - a scroll of torment {unknown}
 e - a scroll of fog {unknown}
 f - a scroll of magic mapping {unknown}
 g - a scroll of immolation {unknown}
 h - 2 scrolls of blinking {unknown}
 i - 4 scrolls of identify {unknown}
 j - a scroll of enchant weapon {unknown}
 t - 3 scrolls of teleportation
 v - a scroll of fear {unknown}
Potions
 k - a potion of cancellation {unknown}
 m - a potion of berserk rage
 q - a potion of curing {unknown}
 s - a potion of degeneration {unknown}
Miscellaneous
 c - a piece from Xom's chessboard (10/15) (quivered)


   Skills:
 + Level 6.1 Fighting
 - Level 3.6 Axes
 - Level 2.4 Armour
 + Level 5.6 Dodging


You had 6 spell levels left.
You didn't know any spells.
Your spell library contained the following spells:

 Spells                   Type           Power      Damage    Failure   Level
 Apportation              Tloc           0%         N/A       36%         1
 Shock                    Conj/Air       0%         1d3       36%         1
 Swiftness                Air            0%         N/A       75%         3
 Airstrike                Air            0%         N/A       98%         4
 Alistair's Intoxication  Tmut/Pois      0%         N/A       100%        5


Dungeon Overview and Level Annotations

Branches:
Dungeon (5/15)
 Temple: D:4-7

Altars:

Shops:
D:2 ?

Annotations:
D:4 Dowan, Duvessa


Innate Abilities, Weirdness & Mutations

You passively map a small area around you.
You are easily found by Zot.
You glow in the dark.
You regain HP and MP as you explore.


Message History

You shoot a sling bullet. The sling bullet closely misses Dowan.
You shoot a sling bullet. The sling bullet hits Dowan.
The sling bullet burns Dowan.
Dowan is lightly wounded.
Dowan gestures wildly while chanting.
Dowan blinks!
Dowan gestures wildly while chanting.
Dowan blinks!
You shoot a sling bullet. The sling bullet hits Dowan.
The sling bullet burns Dowan.
Dowan is moderately wounded.
Dowan hits you with a +0 dagger.
You shoot a sling bullet. The sling bullet closely misses Dowan.
Dowan hits you but does no damage. x2
You shoot a sling bullet. The sling bullet hits Dowan.
The sling bullet burns Dowan.
Dowan is moderately wounded.
Dowan closely misses you.
You shoot a sling bullet. The sling bullet hits Dowan.
The sling bullet burns Dowan.
Dowan is severely wounded.
Dowan hits you but does no damage.
Dowan points at you and mumbles some strange words.
The puff of flame hits you. You resist.
You shoot a sling bullet. The sling bullet closely misses Dowan.
Dowan mumbles some strange words.
Dowan blinks!
You shoot a sling bullet. The sling bullet closely misses Dowan.
Dowan casts a spell at you. The puff of flame misses you.
You shoot a sling bullet. The sling bullet hits Dowan.
The sling bullet burns Dowan.
Dowan is almost dead.
Dowan casts a spell.
Dowan blinks!
Okay, then.
You shoot a sling bullet. The sling bullet hits Dowan.
The sling bullet burns Dowan.
Dowan is almost dead.
Dowan casts a spell at you.
The puff of flame hits you but does no damage.
You resist.
Duvessa shouts!
You shoot a sling bullet.
The sling bullet hits Dowan but does no damage.
Dowan is almost dead.
Dowan gestures at Duvessa while chanting.
Duvessa seems to speed up.
You make a move on Xom's chessboard...
Duvessa easily resists.
Dowan says, "Magic and the sword, together, will defeat you."
Dowan casts a spell at you. The puff of flame misses you.
You make a move on Xom's chessboard...
Dowan is outlined in light.
Dowan casts a spell at you. The puff of flame hits you. You resist.
Duvessa closely misses you.
You make a move on Xom's chessboard...
Duvessa is outlined in light.
Duvessa hits you with a +0 short sword! Duvessa barely misses you.
You make a move on Xom's chessboard...
Duvessa falls asleep!
Your +2 hunting sling of flaming stops flaming.
Your +1 dagger of venom begins to drip with poison!
w - a +1 dagger of venom (weapon)
Duvessa shouts!
Duvessa closely misses you.
Dowan smirks and points a slender finger.
You completely miss Duvessa. Duvessa misses you. Dowan closely misses you.
Duvessa hits you with a +0 short sword!
You make a move on Xom's chessboard...
Dowan glows brighter.
Duvessa hits you with a +0 short sword! Dowan hits you with a +0 dagger.
You barely miss Dowan.
Dowan is almost dead.
Duvessa hits you with a +0 short sword!
Dowan points at you and mumbles some strange words.
The puff of flame misses you. Duvessa hits you with a +0 short sword!
* * * LOW HITPOINT WARNING * * *
It was a potion of berserk rage.
A red film seems to cover your vision as you go berserk!
You feel yourself moving faster!
You feel mighty!
Xom roars with laughter!
Duvessa hits you with a +0 short sword.
* * * LOW HITPOINT WARNING * * *
Dowan points at you and mumbles some strange words.
The puff of flame hits you. You resist.
* * * LOW HITPOINT WARNING * * *
You barely miss Dowan.
Dowan is almost dead.
Duvessa hits you with a +0 short sword.
* * * LOW HITPOINT WARNING * * *
Dowan barely misses you.
You hit Duvessa.
Duvessa is poisoned.
Duvessa is lightly wounded.
Duvessa hits you with a +0 short sword.
* * * LOW HITPOINT WARNING * * *
You emit a cloud of colourful smoke!
You hit Duvessa.
Duvessa is lightly wounded.
Duvessa misses you. Dowan gestures at you while chanting.
The puff of frost hits you!
You die...
Xom chuckles heartily!

* * *#... * **#... ,* #
*#.. #≈≈≈##..
#.##.###≈≈≈§§### ,
#....>#§≈...≈≈#
####.##≈.....≈# ,##*
*##.##.......# # ,#.###
*#.#....####..##
#...#...###.##.#.###.....#
,
........§@§......###.....#
,
....)....ee§#.)....†......#
..........#.#..#.##.#.....#
#?..#...##......##.#.....#
#...#...####..#.##.#######
#e.........#..#.##.#####
......#......[.....#...# *
#.#.##..######.#........#
#.#(......# ##.#.###...###


You could see Duvessa (fast, very poisoned, corona) and Dowan (corona).

Vanquished Creatures
  An ogre (D:4)
  A necrophage (D:5)
  A hound (D:5)
  Jessica (D:2)
  An iguana (D:3)
  3 adders
  A worm (D:2)
  A dart slug (D:3)
  3 giant cockroaches
  A goblin (D:4)
  3 hobgoblins (D:1)
  12 jackals
  A kobold (D:3)
  2 quokkas
  3 ball pythons
  3 bats
  3 frilled lizards
  3 rats
44 creatures vanquished.

Vanquished Creatures (collateral kills)
  A phantom (D:5)
1 creature vanquished.

Vanquished Creatures (others)
  4 fungi (D:4)
  3 plants (D:5)
7 creatures vanquished.

Grand Total: 52 creatures vanquished

Notes
Turn   | Place    | Note
-------+----------+-------------------------------------------
     0 | D:1      | Flugkiller the Meteoran Chaos Knight began the quest for
                  | the Orb.
     0 | D:1      | Reached XP level 1. HP: 19/19 MP: 2/2
    43 | D:1      | XOM: smoke on damage
    49 | D:1      | Reached XP level 2. HP: 21/26 MP: 3/3
    53 | D:1      | XOM: potion effect (curing)
   163 | D:2      | Reached skill level 4 in Fighting
   163 | D:2      | Reached XP level 3. HP: 30/33 MP: 4/4
   184 | D:2      | Found Ynageosh's Magic Scroll Emporium.
   187 | D:2      | Noticed Jessica
   192 | D:2      | XOM: potion effect (berserk rage)
   196 | D:2      | Killed Jessica
   197 | D:2      | Reached XP level 4. HP: 41/41 MP: 5/5
   259 | D:3      | XOM: silly message
   262 | D:3      | Reached XP level 5. HP: 18/47 MP: 6/6
   363 | D:3      | XOM: silly message
   405 | D:3      | XOM: silly message
   478 | D:4      | Noticed an ogre
   499 | D:4      | Killed an ogre
   500 | D:4      | Reached skill level 5 in Fighting
   500 | D:4      | Reached XP level 6. HP: 7/56 MP: 7/7
   565 | D:4      | Noticed Dowan
   567 | D:4      | Noticed Duvessa
   568 | D:4      | XOM: potion effect (curing)
   580 | D:5      | Entered Level 5 of the Dungeon
   619 | D:5      | XOM: potion effect (haste)
   704 | D:5      | Reached skill level 5 in Dodging
   715 | D:5      | XOM: summons friendly ufetubus
   719 | D:5      | Reached XP level 7. HP: 48/62 MP: 8/8
   735 | D:5      | XOM: summons friendly white imp
   744 | D:5      | Reached skill level 6 in Fighting
   927 | D:4      | XOM: smoke on damage
   928 | D:4      | Killed from afar by Dowan

Illustrated notes

Levels and vault maps discovered:
D:1:      mrwooster_arrival_statue, layout_rooms
D:2:      cheibrodos_pilgrimage, layout_basic, serial_shops, shop, uniq_jessica
D:3:      layout_basic, minmay_statues_item
D:4:      layout_loops_cross, mainiacjoe_overflow_chevrons,
          nicolae_tso_swordbearing_angel, kennysheep_nub, uniq_eustachio,
          uniq_duvessa
D:5:      lemuel_castle_with_subvaults [lemuel_castle_interior_carwin_2],
          layout_loops_ring, minmay_temple_entry_enclosed_plants,
          serial_bayou_lagoon_a, nicolae_elevator_lobby_asterisk

Skill      XL: |  1  2  3  4  5  6  7 |
---------------+----------------------+-----
Dodging        | 2 3 4 5 |  5.6
Fighting       | 4 5 6 |  6.1
Axes           | |  3.6
Armour         | |  2.4

Action                   |  1- 3 |  4- 6 |  7- 9 || total
-------------------------+-------+-------+-------++-------
Melee: Hand axe          |    43 |    69 |     7 ||   119
       Dagger            |       |       |     5 ||     5
 Fire: Hunting sling     |       |       |    12 ||    12
Evoke: Piece from Xom's  |       |     1 |     5 ||     6
  Use: Scroll            |       |     1 |       ||     1
       Potion            |       |       |     1 ||     1
 Stab: Paralysed         |     1 |       |       ||     1
       Confused          |       |     1 |       ||     1
Armor: Leather armour    |    27 |    34 |     5 ||    66
Dodge: Dodged            |    26 |    68 |    16 ||   110

Table legend: (Time is in decaauts)
 A = Elapsed time spent in this place.
 B = Non-inter-level travel time spent in this place.
 C = Inter-level travel time spent in this place.
 D = Time resting spent in this place.
 E = Time spent auto-exploring this place.
 F = Levels seen in this place.
 G = Mean time per level.
                   A        B        C        D        E       F      G
               +--------+--------+--------+--------+--------+-----+--------+
         Total |    939 |    856 |     83 |      0 |      0 |   5 |  187.8 |
       Dungeon |    939 |    856 |     83 |      0 |      0 |   5 |  187.8 |
               +--------+--------+--------+--------+--------+-----+--------+

Top non-repeatable levels by time:
     D:4: 301 daAuts
     D:3: 220 daAuts
     D:5: 184 daAuts
     D:1: 143 daAuts
     D:2: 89 daAuts
